 Dungeon Crawl Stone Soup version 0.18.1-6-gd335043 (webtiles) character file.

1660 MTVSty1e the Covered (level 8, -5/159 HPs)
             Began as a Minotaur Fighter on May 16, 2016.
             Slain by a yak (6 damage)
             ... on level 5 of the Dungeon.
             The game lasted 00:17:07 (4974 turns).

MTVSty1e the Covered (Minotaur Fighter)             Turns: 4974, Time: 00:17:08

Health: -5/159     AC: 24    Str: 28    XL:     8   Next: 68%
Magic:  7/7        EV:  2    Int:  7    God:
Gold:   335        SH: 17    Dex: 10    Spells: 0 memorised, 7 levels left

rFire  x . .     SeeInvis .     y - +8 spear of the Heavens {pierce, rN+ Int+2 Stlth+}
rCold  + . .     Gourm    .     (armour currently unavailable)
rNeg   + + +     Faith    .     u - +0 large shield
rPois  +         Spirit   .     (helmet currently unavailable)
rElec  .         Dismiss  .     (cloak currently unavailable)
rCorr  .         Reflect  .     (gloves currently unavailable)
SustAt .         Harm     .     (boots currently unavailable)
MR     .....     NoTele   +     (no amulet)
Stlth  ..........               i - ring of ice
                                e - +5 ring of evasion

@: berserking, lethally poisoned (-5 -> -5), tree-form, very slightly
contaminated, hasted, invisible, very quick, not resistant to hostile
enchantments, extremely unstealthy
A: (retaliatory headbutt), (horns 0), mutation resistance 1
a: no special abilities


You were on level 5 of the Dungeon.
You were not hungry.
You were a tree.
You visited 2 branches of the dungeon, and saw 6 of its levels.

You collected 335 gold pieces.

Inventory:

Hand Weapons
 a - a +0 war axe
 w - a +0 war axe
 y - the +8 spear of the Heavens (weapon) {pierce, rN+ Int+2 Stlth+}
   (You found it on level 4 of the Dungeon)

   It inflicts extra damage upon your enemies.
   It affects your intelligence (+2).
   It protects you from negative energy.
   It makes you more stealthy.
Missiles
 s - 5 poisoned tomahawks (quivered)
Armour
 b - a +0 scale mail (melded)
 c - a +0 shield
 n - a +0 pair of gloves (melded)
 u - a +0 large shield (worn)
Jewellery
 e - a +5 ring of evasion (left branch)
 i - a ring of ice (right branch)
Scrolls
 d - a scroll of identify
 l - a scroll of fear
 m - 2 scrolls of fog
 o - 2 scrolls of teleportation
 q - 3 scrolls of remove curse
 r - a scroll of recharging
 t - a scroll of amnesia
Potions
 v - a potion of magic {unknown}
Comestibles
 f - 4 bread rations
 h - 2 meat rations
 k - a slice of pizza


   Skills:
 + Level 6.9 Fighting
 - Level 5.1(5.7) Axes
 + Level 3.6(4.9) Polearms
 * Level 7.2 Armour
 + Level 4.8 Dodging
 - Level 0.3 Stealth
 + Level 6.8 Shields


You had 7 spell levels left.
You didn't know any spells.

Dungeon Overview and Level Annotations

Branches:
Dungeon (5/15)             Temple (1/1) D:4

Altars:
Ashenzari
Cheibriados
Fedhas
Gozag
Kikubaaqudgha
Makhleb
Nemelex Xobeh
Pakellas
Qazlal
Ru
Sif Muna
Vehumet
Xom
Yredelemnul
Zin
The Shining One


Innate Abilities, Weirdness & Mutations

((You reflexively headbutt those who attack you in melee.))
((You have a pair of horns on your head.))
You are somewhat resistant to further mutation.


Message History

You puncture the yak!
You kill the yak!
Your Armour skill increases to level 7!
* * * LOW HITPOINT WARNING * * *
You feel sick.
You cannot move.
You cannot move.
You feel a strong urge to attack something.
The orc throws a tomahawk.
The tomahawk closely misses the orc.
You block the tomahawk.
You puncture the yak!
The yak is moderately wounded.
You block the yak's attack.
You hit the orc.
You kill the orc!
Your shield prevents you from hitting the yak.
The yak is moderately wounded.
* * * LOW HITPOINT WARNING * * *
You feel sick. The yak gores you.
You die...

#.......##.#
#.###..###.# #.
##..##.#######..
###.?.....!.....
#....(........#
#...%........#
#......).....#
#...).........Y###
##.#.........♣)oo#
#.##........###Y......
# #####.#..# .......
#.....Y .o.....
#.....Y. .......
#...............
#.##.##.......(. ..
... ...)...#.


You could see 2 yaks and 2 orcs.

Vanquished Creatures
  Grinder (D:5)
  4 yaks (D:5)
  The ghost of NoLuckNoSkill the Chopper, an amateur HOFi (D:3)
  A sky beast (D:3)
  A centaur (D:5)
  A scorpion (D:4)
  2 crimson imps (D:5)
  A giant frog skeleton (D:5)
  2 hounds (D:4)
  2 orc priests (D:4)
  An orc wizard (D:5)
  An iguana (D:5)
  Ijyb (D:3)
  5 worker ants
  A howler monkey skeleton (D:4)
  6 adders
  A worm (D:2)
  2 dart slugs (D:1)
  2 giant geckos (D:3)
  11 orcs
  5 giant cockroaches
  12 goblins
  14 hobgoblins
  2 jackals
  4 quokkas
  2 ball pythons
  8 bats
  7 giant newts
  10 kobolds
  8 rats
119 creatures vanquished.

Vanquished Creatures (others)
  A fire dragon (D:4)
1 creature vanquished.

Grand Total: 120 creatures vanquished

Notes
Turn   | Place    | Note
--------------------------------------------------------------
     0 | D:1      | MTVSty1e the Minotaur Fighter began the quest for the Orb.
     0 | D:1      | Reached XP level 1. HP: 19/19 MP: 0/0
   239 | D:1      | Reached XP level 2. HP: 26/27 MP: 1/1
  1034 | D:1      | Reached XP level 3. HP: 30/33 MP: 2/2
  1241 | D:2      | Reached skill level 4 in Armour
  1417 | D:2      | Found a sparkling altar of Nemelex Xobeh.
  1602 | D:2      | Reached skill level 1 in Dodging
  1602 | D:2      | Reached XP level 4. HP: 40/41 MP: 3/3
  1605 | D:2      | Gained mutation: You are somewhat resistant to further mutation. [potion of mutation]
  2626 | D:3      | Noticed a sky beast
  2633 | D:3      | Killed a sky beast
  2633 | D:3      | Reached XP level 5. HP: 23/47 MP: 4/4
  2796 | D:3      | Noticed NoLuckNoSkill's ghost (amateur HOFi)
  2803 | D:3      | Killed NoLuckNoSkill's ghost
  2803 | D:3      | Reached XP level 6. HP: 55/55 MP: 5/5
  2913 | D:3      | Found a faded altar to an unknown god.
  2928 | D:3      | Became a worshipper of Sif Muna the Loreminder
  2928 | D:3      | Reached * piety under Sif Muna
  2935 | D:3      | Fell from the grace of Sif Muna
  3047 | D:3      | Found a blossoming altar of Fedhas.
  3055 | D:3      | Noticed Ijyb
  3061 | D:3      | Killed Ijyb
  3061 | D:3      | Reached skill level 5 in Fighting
  3061 | D:3      | Reached skill level 5 in Shields
  3584 | D:4      | Found a staircase to the Ecumenical Temple.
  3596 | Temple   | Entered the Ecumenical Temple
  3862 | D:4      | Reached skill level 5 in Axes
  3884 | D:4      | Reached XP level 7. HP: 43/61 MP: 6/6
  4062 | D:4      | Found a shimmering altar of Xom.
  4098 | D:4      | Got an ebony spear
  4099 | D:4      | Identified the +8 spear of the Heavens {pierce, rN+ Int+2 Stlth+} (You found it on level 4 of the Dungeon)
  4315 | D:4      | Found an oddly glowing altar of Pakellas.
  4316 | D:4      | Noticed a fire dragon
  4320 | D:4      | Killed a fire dragon
  4489 | D:5      | Entered Level 5 of the Dungeon
  4491 | D:5      | Noticed Grinder
  4494 | D:5      | Paralysed by Grinder for 6 turns
  4503 | D:5      | Killed Grinder
  4503 | D:5      | Reached skill level 1 in Polearms
  4503 | D:5      | Reached skill level 5 in Armour
  4694 | D:5      | Reached XP level 8. HP: 41/70 MP: 7/7
  4936 | D:5      | Reached skill level 6 in Armour
  4963 | D:5      | HP: 2/71 [yak (7)]
  4969 | D:5      | Reached skill level 7 in Armour
  4969 | D:5      | HP: 1/159 [poisoned by a worker ant]
  4974 | D:5      | HP: 1/159 [poisoned by a worker ant]
  4974 | D:5      | Slain by a yak

Skill      XL: |  1  2  3  4  5  6  7  8 |
---------------+-------------------------+-----
Shields        | 4 5 6 |  6.8
Fighting       | 4 5 6 |  6.9
Axes           | 3 4 5 |  5.1
Armour         | 4 5 7 |  7.2
Dodging        | 1 2 3 4 |  4.8
Polearms       | 2 3 |  3.6
Stealth        | |  0.3

Action                   |  1- 3 |  4- 6 |  7- 9 || total
-------------------------+-------+-------+-------++-------
Melee: War axe           |    91 |   123 |     7 ||   221
       Headbutt          |     8 |    15 |    18 ||    41
       Spear             |       |       |    78 ||    78
Invok: Renounce Religion |       |     1 |       ||     1
  Use: Scroll            |     3 |     5 |     2 ||    10
       Potion            |       |     4 |     5 ||     9
  Eat: Bread ration      |     1 |       |       ||     1
       Meat ration       |       |     1 |     1 ||     2
Armor: Scale mail        |    41 |    32 |    20 ||    93
Dodge: Dodged            |    54 |    55 |    41 ||   150
Block: Shield            |    56 |    50 |       ||   106
       Large shield      |       |    38 |    91 ||   129
